 Dungeon Crawl Stone Soup version 0.31-a0-750-gfe7b580527 (webtiles) character file.

Game seed: 2283275091911083219

46 Dittersdorf the Shield-Bearer (level 3, -1/24 HPs)
             Began as a Gargoyle Fighter on Sept 14, 2023.
             Slain by an orc
             ... wielding a +2 falchion of holy wrath
              (7 damage)
             ... on level 2 of the Dungeon.
             The game lasted 00:01:16 (1339 turns).

Dittersdorf the Shield-Bearer (Gargoyle Fighter)    Turns: 1339, Time: 00:01:16

Health: -1/24      AC: 10    Str: 21    XL:     3   Next: 68%
Magic:  3/3        EV:  9    Int:  8    God:
Gold:   64         SH:  4    Dex:  9    Spells: 2/2 levels left

rFire   . . .        a - +0 flail
rCold   + . .        c - +0 buckler
rNeg    + . .        b - +0 scale mail
rPois   ∞            (no helmet)
rElec   +            (no cloak)
rCorr   .            (no gloves)
SInv    .            (no boots)
Will    .....        (no amulet) Stlth
                     m - ring of protection from cold
HPRegen 0.24/turn    (no ring)
MPRegen 0.08/turn

%: no passive effects
@: no status effects
A: sickness immunity, AC +3, negative energy resistance 1, electricity
resistance, torment resistance 1, petrification resistance
a: no special abilities


You were on level 2 of the Dungeon.
You visited 1 branch of the dungeon, and saw 2 of its levels.

You collected 64 gold pieces.

Inventory:

Hand Weapons
 a - a +0 flail (weapon)
Missiles
 g - 3 poisoned darts (quivered)
Armour
 b - a +0 scale mail (worn)
 c - a +0 buckler (worn)
Jewellery
 m - a ring of protection from cold (left hand)
Scrolls
 f - a scroll of fear {unknown}
 h - a scroll of blinking {unknown}
 i - 2 scrolls of identify {unknown}
 j - a scroll of vulnerability {unknown}
 k - a scroll of amnesia {unknown}
 n - 3 scrolls of fog {unknown}
Potions
 d - a potion of might
 e - a potion of haste {unknown}
 l - 2 potions of curing {unknown}
 o - a potion of magic {unknown}


   Skills:
 + Level 3.7 Fighting
 + Level 2.6 Maces & Flails
 + Level 3.7 Armour
 + Level 3.8 Shields


You had 2 spell levels left.
You didn't know any spells.
Your spell library was empty.

Dungeon Overview and Level Annotations

Branches:
Dungeon (2/15)

Altars:


Innate Abilities, Weirdness & Mutations

You are immune to sickness and miasma.
Your stone body is resilient. (AC +3)
You are immune to poison.
You resist negative energy. (rN+)
You are resistant to electric shocks. (rElec)
You are resistant to unholy torment.
You are immune to petrification.


Message History

a +0 war axe; a +0 ring mail; an orc corpse You barely miss the orc.
You block the orc's attack.
You hit the orc but do no damage. The orc hits you but does no damage.
The orc hits you with a +0 trident.
You are too injured to fight recklessly!
You are too injured to fight recklessly!
You are too injured to fight recklessly!
You are too injured to fight recklessly!
You are too injured to fight recklessly!
You are too injured to fight recklessly!
You are too injured to fight recklessly!
You are too injured to fight recklessly!
You are too injured to fight recklessly!
You are too injured to fight recklessly!
You are too injured to fight recklessly!
You are too injured to fight recklessly!
You are too injured to fight recklessly!
You are too injured to fight recklessly!
You are too injured to fight recklessly!
You are too injured to fight recklessly!
You are too injured to fight recklessly!
You are too injured to fight recklessly!
You are too injured to fight recklessly!
You are too injured to fight recklessly!
You are too injured to fight recklessly!
You are too injured to fight recklessly!
You are too injured to fight recklessly!
You sock the orc!
You kill the orc!
You thump the orc!
You kill the orc!
You barely miss the orc.
The orc hits you with a +2 falchion of holy wrath!
* * * LOW HITPOINT WARNING * * *
You block the orc's attack.
You closely miss the orc. You block the orc's attack.
You hit the orc.
The orc is moderately wounded.
The orc hits you with a +2 falchion of holy wrath!
You die...

#.# ######.# #<...#.#
###....#.#
#######.'..)....
##.#.#.#.#.....##
..............#
##.#.####.##'##.#.....##
....woo@..#...#.......#.
####.####.'...'.#.....#.
#..#...#...#.#.#.
##.##'##.#.#.#.#.
#..........#.#.#.
##.#.#.#.#.#.#.#.
#.##########.#.#. #.
#########.#.#. .
#...........#.


You could see a dart slug and 2 orcs.

Vanquished Creatures
  A worm (D:2)
  A dart slug (D:1)
  3 orcs (D:2)
  4 endoplasms
  A giant cockroach (D:1)
  4 goblins
  6 hobgoblins
  A quokka (D:1)
  2 ball pythons (D:2)
  2 bats (D:2)
  2 frilled lizards
  5 kobolds
  3 rats (D:1)
35 creatures vanquished.

Notes
Turn   | Place    | Note
-------+----------+-------------------------------------------
     0 | D:1      | Dittersdorf the Gargoyle Fighter began the quest for the
                  | Orb.
     0 | D:1      | Reached XP level 1. HP: 14/14 MP: 1/1
    99 | D:1      | Reached XP level 2. HP: 16/19 MP: 2/2
   724 | D:2      | Reached XP level 3. HP: 22/23 MP: 3/3
  1339 | D:2      | Slain by an orc

Illustrated notes

Levels and vault maps discovered:
D:1:      ebering_trefoil_3fold, layout_loops_ring,
          chequers_serial_rivers_small_b
D:2:      layout_basic, basic_altar, nrook_mini_vaults, minmay_misc_feat_room,
          minmay_tree_intersection, kennysheep_big_empty_room,
          minmay_misc_feat_doors

Action                     || total
---------------------------++-------
  Melee: Flail             ||   100
 Armour: Scale mail        ||    59
  Dodge: Dodged            ||    39
  Block: Buckler           ||    24

Table legend: (Time is in decaauts)
 A = Elapsed time spent in this place.
 B = Non-inter-level travel time spent in this place.
 C = Inter-level travel time spent in this place.
 D = Time resting spent in this place.
 E = Time spent auto-exploring this place.
 F = Levels seen in this place.
 G = Mean time per level.
                   A        B        C        D        E       F      G
               +--------+--------+--------+--------+--------+-----+--------+
         Total |   1370 |   1314 |     56 |      0 |   1064 |   2 |  685.0 |
       Dungeon |   1370 |   1314 |     56 |      0 |   1064 |   2 |  685.0 |
               +--------+--------+--------+--------+--------+-----+--------+

Top non-repeatable levels by time:
     D:1: 694 daAuts
     D:2: 676 daAuts
